cohdb
Replays
Latest Replays
All Replays
Popular Replays
Top Player Replays
Match Explorer
How It Works
Community
CoH3 Stats
Reddit
Sign in to upload your games and track your stats! →
Sign in with Steam
Match 45621807
Unlisted
Match 45621807
Overview
Messages
Build Orders
End
Selects Italian Coastal Battlegroup
Selects Coastal Reserves
Coastal Reserve
Pioneer Squad
Coastal Reserve
Coastal Reserve
Medical Station
Construct Infanterie Kompanie
Construct Luftwaffe Kompanie
221 Scout Car
Selects Artillery Officer
Artillery Officer
Flak 30 Anti-aircraft Gun Team
Support Elements
Selects Coastal Wall
Wirbelwind Flakpanzer
Jäger Squad
Skeng.Tecnica.International
bhlh, member e41
0
0
Comments
sign in to comment!
No comments posted yet!